 Dungeon Crawl Stone Soup version 0.17-a0-737-gf0a300a (webtiles) character file.

129 Marien the Charmwright (level 5, 0/37 HPs)
             Began as a Human Wanderer on Apr 28, 2015.
             Was an Initiate of Vehumet.
             Slain by an orc wizard
             ... wielding a +1 dagger of speed
              (2 damage)
             ... on level 3 of the Dungeon.
             The game lasted 00:07:00 (3048 turns).

Marien the Charmwright (Human Wanderer)             Turns: 3048, Time: 00:07:00

Health: 0/37       AC:  7    Str: 10    XL:     5   Next: 35%
Magic:  8/8        EV:  9    Int: 15    God:    Vehumet [......]
Gold:   85         SH:  0    Dex: 13    Spells: 1 memorised, 7 levels left

rFire  . . .     SeeInvis .     a - +2 hand axe
rCold  . . .     Clarity  .     c - +0 ring mail
rNeg   . . .     SustAb   .     (no shield)
rPois  .         Gourm    .     (no helmet)
rElec  .         Spirit   .     h - +1 cloak
rCorr  .         Warding  .     (no gloves)
rMut   .         Stasis   .     (no boots)
MR     .....                    (no amulet)
Stlth  +.........               (no ring)
                                (no ring)

@: not resistant to hostile enchantments, very unstealthy
A: no striking features
a: Renounce Religion


You were on level 3 of the Dungeon.
You worshipped Vehumet.
Vehumet was noncommittal.
You were not hungry.

You visited 1 branch of the dungeon, and saw 3 of its levels.

You collected 85 gold pieces.

Inventory:

Hand weapons
 a - a +2 hand axe (weapon)
Missiles
 i - 31 stones (quivered)
Armour
 c - a +0 ring mail (worn)
 h - a +1 cloak (worn)
Scrolls
 m - 2 scrolls of identify {unknown}
 n - a scroll of remove curse {unknown}
 p - a scroll of teleportation {unknown}
Potions
 e - a potion of restore abilities
 f - a potion of lignification {unknown}
 g - a potion of agility {unknown}
 j - a potion of cancellation {unknown}
 k - 2 potions of haste
 o - a potion of resistance {unknown}
 r - a potion of flight {unknown}
 s - a potion of curing {unknown}
Books
 b - the Almanac of the Rocks

   Spells                             Type                      Level
   a - Sandblast                      Earth                        1
   b - Passwall                       Transmutation/Earth          3
Comestibles
 d - a bread ration
 l - 3 meat rations
 q - a chunk of flesh


   Skills:
 - Level 1.0 Fighting
 + Level 2.7 Axes
 - Level 1.0 Throwing
 - Level 1.0 Armour
 - Level 1.0 Stealth
 + Level 2.4 Spellcasting
   Level 4.0 Charms
 + Level 2.6 Earth Magic


You had 7 spell levels left.
You knew the following spells:

 Your Spells              Type           Power        Failure   Level  Hunger
a - Sandblast             Erth           #.....       21%         1    #......


Dungeon Overview and Level Annotations

Branches:
Dungeon (3/15)

Altars:
Ru
Vehumet


Message History

You barely miss something. Something hits you.
You closely miss something.
You hear some strange, mumbled words.
A puff of frost appears from out of thin air!
The puff of frost hits you!
* * * LOW HITPOINT WARNING * * *
Something hits you.
* * * LOW HITPOINT WARNING * * *
Your ring mail prevents you from hitting something.
Something hits you.
* * * LOW HITPOINT WARNING * * *
Something hits you.
* * * LOW HITPOINT WARNING * * *
Drink which item? (? for menu, Esc to quit)
It was a potion of restore abilities.
You feel refreshed.
Something hits you but does no damage. x2
Drink which item? (? for menu, Esc to quit)
Okay, then.
You hit something. Something hits you.
You die...

......)#
..
........#
...
........#
.# [.
........#
.. ..
#.......[#
. ..
#........#
#.#.
..$..###.#
#.#. # #{#
#... #@#
###) #.#
#..รท #.#
#.#. #.#
.#####.#.
#.#
.........
#####.#
.#####.#.
#.....#
#.#.
#.#####
##.#. #.#
#..(.


There were no monsters in sight!

Vanquished Creatures
  An orc priest (D:3)
  5 adders
  2 worms
  An orc (D:3)
  2 ball pythons (D:3)
  3 giant cockroaches
  5 goblins (D:2)
  5 hobgoblins
  6 jackals
  2 quokkas
  3 bats
  6 kobolds
  4 rats
45 creatures vanquished.

Notes
Turn   | Place    | Note
--------------------------------------------------------------
     0 | D:1      | Marien, the Human Wanderer, began the quest for the Orb.
     0 | D:1      | Marien set off with: a +2 hand axe, the Almanac of the Rocks, a +0 ring mail, a bread ration
     0 | D:1      | Reached XP level 1. HP: 15/15 MP: 2/2
     0 | D:1      | Identified the Almanac of the Rocks
     2 | D:1      | Learned a level 1 spell: Sandblast
   163 | D:1      | Reached XP level 2. HP: 5/21 MP: 3/3
   401 | D:1      | Reached skill level 1 in Earth Magic
  1256 | D:2      | Reached XP level 3. HP: 23/26 MP: 5/5
  1523 | D:2      | Reached XP level 4. HP: 24/32 MP: 6/6
  1645 | D:2      | Found a radiant altar of Vehumet.
  1801 | D:2      | Became a worshipper of Vehumet
  2293 | D:2      | Found a sacrificial altar of Ru.
  3040 | D:3      | Reached XP level 5. HP: 18/37 MP: 8/8
  3048 | D:3      | Slain by an orc wizard

Action                   |  1- 3 |  4- 6 || total
-------------------------+-------+-------++-------
Melee: Hand axe          |    59 |    94 ||   153
  Use: Scroll            |     1 |       ||     1
       Potion            |       |     1 ||     1
  Eat: Chunk             |     2 |     5 ||     7
